 Dungeon Crawl Stone Soup version 0.20.1-1-g8b1a95d (console) character file.

586 hilaritas the Magician (level 7, 0/54 HPs)
             Began as a Deep Elf Conjurer on Sept 10, 2017.
             Was a Follower of Vehumet.
             Shot with an arrow by a centaur (8 damage)
             ... on level 5 of the Dungeon.
             The game lasted 00:11:06 (4852 turns).

hilaritas the Magician (Deep Elf Conjurer)          Turns: 4852, Time: 00:11:06

Health: 0/54       AC: 23    Str: 13    XL:     7   Next: 15%
Magic:  13/20      EV:  2    Int: 21    God:    Vehumet [*.....]
Gold:   212        SH:  0    Dex: 15    Spells: 11/21 levels left

rFire    . . .     SeeInvis .   r - +2 short sword (venom)
rCold    . . .     Gourm    .   (no shield)
rNeg     + + +     Faith    .   (armour currently unavailable)
rPois    +         Spirit   .   (helmet currently unavailable)
rElec    .         Reflect  .   (cloak currently unavailable)
rCorr    .         Harm     .   (gloves currently unavailable)
MR       .....     NoTele   +   (boots currently unavailable)
Stlth    ++........             (no amulet)
Regen    0.2/turn               x - +5 ring of strength
MPRegen  0.2/turn               j - +2 ring of strength

@: tree-form
A: no striking features
a: Renounce Religion


You were on level 5 of the Dungeon.
You worshipped Vehumet.
Vehumet was aware of your devotion.
You were not hungry.
You were a tree.
You visited 1 branch of the dungeon, and saw 5 of its levels.

You collected 212 gold pieces.

Inventory:

Hand Weapons
 r - a +2 short sword of venom (weapon)
Missiles
 g - 69 stones (quivered)
 y - 24 arrows
Armour
 a - a +0 robe (melded)
 f - a +0 pair of gloves (melded)
 m - a +1 leather armour of fire resistance
 u - a +1 pair of boots (melded)
Jewellery
 j - a +2 ring of strength (right branch)
 x - a +5 ring of strength (left branch)
Scrolls
 d - 6 scrolls of teleportation
 e - 2 scrolls of magic mapping
 h - a scroll of fog
 i - 4 scrolls of identify
 q - 2 scrolls of remove curse
Potions
 l - a potion of cancellation {unknown}
 n - a potion of lignification
 s - 2 potions of curing {unknown}
 t - 2 potions of agility {unknown}
 w - 2 potions of magic {unknown}
 z - 2 potions of flight {unknown}
 A - a potion of resistance {unknown}
Books
 b - a book of Conjurations

   Spells                             Type                      Level
   a - Magic Dart                     Conjuration                  1
   b - Searing Ray                    Conjuration                  2
   c - Dazzling Spray                 Conjuration/Hexes            3
   d - Fulminant Prism                Conjuration/Hexes            4
   e - Force Lance                    Conjuration/Translocation    4
   f - Iskenderun's Mystic Blast      Conjuration                  4
 o - a book of Minor Magic

   Spells                             Type                      Level
   a - Magic Dart                     Conjuration                  1
   b - Blink                          Translocation                2
   c - Call Imp                       Summoning                    2
   d - Slow                           Hexes                        2
   e - Conjure Flame                  Conjuration/Fire             3
   f - Mephitic Cloud                 Conjuration/Poison/Air       3
Comestibles
 c - 3 bread rations
 k - 3 meat rations
 p - a royal jelly
 v - 4 fruits


   Skills:
 - Level 2.4 Dodging
 - Level 2.4 Stealth
 - Level 7.8 Spellcasting
 * Level 7.3 Conjurations


You had 11 spell levels left.
You knew the following spells:

 Your Spells              Type           Power        Failure   Level  Hunger
a - Magic Dart            Conj           ####         1%          1    None
b - Searing Ray           Conj           #####.       1%          2    None
c - Iskenderun's Mystic   Conj           #####...     3%          4    ###....
d - Blink                 Tloc           N/A          12%         2    None
e - Flame Tongue          Conj/Fire      ###..        1%          1    None


Dungeon Overview and Level Annotations

Branches:
Dungeon (5/15)             Temple (0/1) D:4

Altars:
Ashenzari
Vehumet
Xom


Message History

Aim: a centaur, wielding a shortbow (moderately wounded) Out of range.
Okay, then.
Casting: Iskenderun's Mystic Blast
Confirm with . or Enter, or press ? or * to list all spells.
Aiming: Magic Dart
Press: ? - help, Shift-Dir - straight line, f - centaur
Aim: a centaur, wielding a shortbow (moderately wounded)
The magic dart hits the centaur.
The centaur is heavily wounded.
The centaur shoots an arrow.
The arrow hits you but does no damage.
Casting: Magic Dart
Confirm with . or Enter, or press ? or * to list all spells.
Aiming: Magic Dart
Press: ? - help, Shift-Dir - straight line, f/p - centaur
Aim: a centaur, wielding a shortbow (heavily wounded)
The magic dart hits the centaur.
The centaur is severely wounded.
The centaur shoots an arrow.
The arrow hits you!
You die...

#####.###.....# #. #.###.....# #.
####.##......# ####.
#....#.#.....## #....
#.###.###..##.# #.### #######.#
##.##.##.# #.# ###.......#
##.#.#.## #.# ##.........#
##.....# #.# # ####...P..P...#
#..##.####.###
..##..........######...c..<......
.....P......P...♣.(....#.#####...
#.#............#####..##.# #...
.........(.....# #..##.# #...
.....P......P..# #.....# #.#.
#.#...........## ##...## #...
.......P..P...# #...# ####
#####........## #...#
#######.....## #...# #######
.....##.##..# #...###... ..
.....##.##.## #######...#...#####
......#.....###...............##.


You could see a centaur.

Vanquished Creatures
  Sigmund (D:3)
  2 ogres
  A howler monkey (D:4)
  A hound (D:5)
  An iguana (D:5)
  A worker ant (D:5)
  8 adders
  4 worms
  5 dart slugs
  A leopard gecko (D:5)
  An orc (D:4)
  A ball python (D:1)
  6 bats
  2 giant cockroaches
  5 goblins
  4 hobgoblins
  A jackal (D:5)
  12 kobolds
  4 frilled lizards
  A jackal skeleton (D:4)
  A leopard gecko zombie (D:4)
  A quokka skeleton (D:4)
  12 rats
76 creatures vanquished.

Notes
Turn   | Place    | Note
-------+----------+-------------------------------------------
     0 | D:1      | hilaritas the Deep Elf Conjurer began the quest for the Orb.
     0 | D:1      | Reached XP level 1. HP: 10/10 MP: 6/6
   358 | D:1      | Reached XP level 2. HP: 15/15 MP: 6/8
   405 | D:1      | Reached skill level 5 in Conjurations
   409 | D:1      | Learned a level 2 spell: Searing Ray
  1006 | D:1      | Reached XP level 3. HP: 19/19 MP: 7/10
  1269 | D:2      | Found a radiant altar of Vehumet.
  1279 | D:2      | Became a worshipper of Vehumet
  1494 | D:2      | Found a shimmering altar of Xom.
  1503 | D:2      | Found a shimmering altar of Xom.
  1511 | D:2      | Found a shimmering altar of Xom.
  1512 | D:2      | Found a shimmering altar of Xom.
  1517 | D:2      | Reached skill level 5 in Spellcasting
  1818 | D:2      | Reached XP level 4. HP: 24/24 MP: 11/13
  1824 | D:2      | Learned a level 4 spell: Iskenderun's Mystic Blast
  1827 | D:2      | Learned a level 2 spell: Blink
  2301 | D:3      | Found a shattered altar of Ashenzari.
  2315 | D:3      | Noticed Sigmund
  2323 | D:3      | Killed Sigmund
  2323 | D:3      | Reached XP level 5. HP: 13/28 MP: 4/17
  2908 | D:3      | Reached * piety under Vehumet
  2908 | D:3      | Offered knowledge of Flame Tongue by Vehumet.
  2911 | D:3      | Learned a level 1 spell: Flame Tongue
  3171 | D:4      | Found a staircase to the Ecumenical Temple.
  3525 | D:4      | Noticed an ogre
  3530 | D:4      | Killed an ogre
  3530 | D:4      | Reached XP level 6. HP: 32/32 MP: 13/18
  4136 | D:5      | Entered Level 5 of the Dungeon
  4613 | D:5      | Reached XP level 7. HP: 36/36 MP: 15/20
  4852 | D:5      | Shot with an arrow by a centaur

Skill      XL: |  1  2  3  4  5  6 |
---------------+-------------------+-----
Conjurations   | 5 7 |  7.3
Spellcasting   | 4 5 7 |  7.8
Dodging        | |  2.4
Stealth        | |  2.4

Action                   |  1- 3 |  4- 6 |  7- 9 || total
-------------------------+-------+-------+-------++-------
 Cast: Magic Dart        |    75 |    79 |    13 ||   167
       Searing Ray       |     1 |     7 |     1 ||     9
  Use: Scroll            |       |    12 |       ||    12
       Potion            |       |       |     1 ||     1
  Eat: Chunk             |     2 |     9 |     1 ||    12
Armor: Robe              |     1 |     1 |       ||     2
       Skin              |       |       |     8 ||     8
Dodge: Dodged            |     2 |    13 |     2 ||    17
